 Dungeon Crawl Stone Soup version 0.30-a0-845-g7c6808c8ce (webtiles) character file.

Game seed: 6612042139147015754

256610 cforsyth the Imperceptible (level 20, -4/108 HPs)
             Began as a Kobold Brigand on Mar 3, 2023.
             Was the Champion of Hepliaklqana.
             Killed from afar by a war gargoyle (33 damage)
             ... with a spray of metal splinters
             ... led by a peacekeeper
             ... on level 2 of the Vaults.
             The game lasted 01:33:07 (56891 turns).

cforsyth the Imperceptible (Kobold Brigand)        Turns: 56891, Time: 01:33:08

Health: -4/108     AC: 13    Str: 10    XL:     20   Next: 62%
Magic:  20/20      EV: 33    Int: 10    God:    Hepliaklqana [******]
Gold:   2009       SH: 14    Dex: 25    Spells: 19/19 levels left

rFire   + . .      SeeInvis +    P - +7 rapier (flame)
rCold   + . .      Faith    .    x - +0 kite shield
rNeg    . . .      Spirit   .    N - +4 skin of Zhor {*Englaciate rC+++ SInv}
rPois   +          Reflect  .    h - +2 helmet
rElec   +          Rampage  .    c - +0 cloak
rCorr   .                        n - +0 pair of gloves {Dex+3}
Will    +....                    V - +1 pair of boots Stlth *+++++++++
                                 C - amulet of the acrobat
HPRegen 0.38/turn                Y - ring "Wopnaek" {Fire rElec rPois Int-4 Stlth+}
MPRegen 0.17/turn                r - +4 ring of slaying

@: marked
A: reduced essence, small, no large weapons, nightstalker 3, frail 1, cold
vulnerability 1
}: 2/15 runes: serpentine, barnacled
a: Renounce Religion, Recall Ancestor, Ancestor Identity, Transference, Idealise


You were on level 2 of the Vaults.
You worshipped Hepliaklqana.
Hepliaklqana was exalted by your worship.
You visited 7 branches of the dungeon, and saw 33 of its levels.
You visited the Abyss 1 time.
You visited 1 bazaar.
You also visited: Bailey.

You collected 3448 gold pieces.
You spent 1439 gold pieces at shops.

Inventory:

Hand Weapons
 P - a +7 rapier of flaming (weapon)
Missiles
 e - 12 curare-tipped darts (quivered)
 y - 4 datura-tipped darts
 J - 16 atropa-tipped darts
 Q - 2 poisoned darts
Armour
 c - a +0 cloak (worn)
 h - a +2 helmet (worn)
 n - a +0 pair of gloves of dexterity (worn)
 x - a +0 kite shield (worn)
 N - the +4 skin of Zhor (worn) {*Englaciate rC+++ SInv}
   (You found it in a bailey)

   *Englaciate: It radiates cold, occasionally slowing all nearby creatures who
   are not resistant to cold.
   rC:        It renders you almost immune to cold.
   SInv:      It lets you see invisible.
 V - a +1 pair of boots (worn)
Jewellery
 d - a ring of willpower
 j - a ring of magical power
 r - a +4 ring of slaying (right hand)
 u - a ring of flight
 C - an amulet of the acrobat (around neck)
 M - a ring of protection from fire
 O - a +4 ring of protection
 W - the ring "Nuegyniu" {rElec rC- Int+3 Dex+6}
   (You found it on level 7 of the Dungeon)

   [ring of dexterity]

   Int:       It affects your intelligence (+3).
   Dex:       It affects your dexterity (+6).
   rC:        It makes you vulnerable to cold.
   rElec:     It insulates you from electricity.
 Y - the ring "Wopnaek" (left hand) {Fire rElec rPois Int-4 Stlth+}
   (You bought it in a shop on level 1 of the Orcish Mines)

   [ring of fire]

   It enhances your fire magic.
   Int:       It affects your intelligence (-4).
   rF:        It protects you from fire.
   rC:        It makes you vulnerable to cold.
   rElec:     It insulates you from electricity.
   rPois:     It protects you from poison.
   Stlth:     It makes you more stealthy.
 Z - a ring of protection from fire
Wands
 k - a wand of quicksilver (10)
 l - a wand of iceblast (40)
 p - a wand of flame (58)
 G - a wand of charming (15)
 H - a wand of digging (6)
 L - a wand of mindburst (14)
 T - a wand of polymorph (2)
Scrolls
 b - 3 scrolls of fog
 g - 13 scrolls of immolation
 m - a scroll of blinking
 o - 6 scrolls of enchant armour
 q - 5 scrolls of vulnerability
 s - 7 scrolls of poison
 w - a scroll of silence
 D - 3 scrolls of teleportation
 I - 2 scrolls of brand weapon
 S - 3 scrolls of magic mapping
 U - 2 scrolls of identify
 X - 2 scrolls of fear
Potions
 a - 2 potions of haste
 f - 2 potions of resistance
 i - 4 potions of might
 t - a potion of berserk rage
 v - 5 potions of lignification
 z - 2 potions of heal wounds
 A - 2 potions of invisibility
 B - 5 potions of mutation
 E - 7 potions of flight
 F - 3 potions of attraction
 K - 16 potions of curing
 R - 5 potions of ambrosia


   Skills:
 + Level 18.1 Fighting
 + Level 21.2 Short Blades
 - Level 2.1 Throwing
 + Level 19.5 Dodging
 + Level 23.2 Stealth
 + Level 11.6 Shields


You had 19 spell levels left.
You didn't know any spells.
Your spell library contained the following spells:

 Spells                   Type           Power      Damage    Failure   Level
 Apportation              Tloc           0%         N/A       71%         1
 Foxfire                  Conj/Fire      0%         2x1d4     71%         1
 Magic Dart               Conj           0%         1d3       71%         1
 Necrotise                Necr           0%         1d4       71%         1
 Call Imp                 Summ           0%         N/A       85%         2
 Cigotuvi's Dreadful Rot  Necr/Pois/Air  0%         N/A       85%         2
 Searing Ray              Conj           0%         2d4       85%         2
 Dazzling Flash           Conj/Hex       0%         N/A       97%         3
 Inner Flame              Hex/Fire       0%         N/A       97%         3
 Mephitic Cloud           Conj/Pois/Air  0%         N/A       97%         3
 Vampiric Draining        Necr           0%         2d6       97%         3
 Airstrike                Air            0%         2d(0-16)  100%        4
 Animate Armour           Summ/Erth      0%         N/A       100%        4
 Animate Dead             Necr           0%         N/A       100%        4
 Dispel Undead            Necr           0%         3d6       100%        4
 Flame Wave               Conj/Fire      0%         2d4       100%        4
 Fulminant Prism          Conj/Hex       0%         3d5       100%        4
 Iskenderun's Mystic Bla  Conj/Tloc      0%         2d3       100%        4
 Sticky Flame             Conj/Fire      0%         2d3       100%        4
 Summon Ice Beast         Ice/Summ       0%         N/A       100%        4
 Summon Lightning Spire   Summ/Air       0%         N/A       100%        4
 Agony                    Necr           0%         N/A       100%        5
 Alistair's Intoxication  Tmut/Pois      0%         N/A       100%        5
 Blade Hands              Tmut           0%         N/A       100%        5
 Freezing Cloud           Conj/Ice/Air   0%         6-21      100%        5
 Lightning Bolt           Conj/Air       0%         1d11      100%        5
 Summon Forest            Summ/Tloc      0%         N/A       100%        5
 Summon Mana Viper        Hex/Summ       0%         N/A       100%        5
 Death Channel            Necr           0%         N/A       100%        6
 Iron Shot                Conj/Erth      0%         9d1       100%        6
 Simulacrum               Ice/Necr       0%         N/A       100%        6
 Starburst                Conj/Fire      0%         6d3       100%        6
 Summon Cactus Giant      Summ           0%         N/A       100%        6
 Haunt                    Necr/Summ      0%         N/A       100%        7
 Monstrous Menagerie      Summ           0%         N/A       100%        7
 Storm Form               Tmut/Air       0%         N/A       100%        7
 Infestation              Necr           0%         N/A       100%        8
 Maxwell's Capacitive Co  Air            0%         ∞         100%        8
 Polar Vortex             Ice            0%         N/A       100%        9


Dungeon Overview and Level Annotations

Branches:
Dungeon (15/15)            Temple (1/1) D:5            Lair (5/5) D:11
 Shoals (4/4) Lair:3        Snake (4/4) Lair:2        Slime (0/5) Lair:4
    Orc (2/2) D:11            Elf (0/3) Orc:2        Vaults (2/5) D:14
 Depths (0/4) D:15         Bailey (visited)
  Crypt: Vaults:2-3

Altars:
Ashenzari
Cheibriados
Dithmenos
Elyvilon
Fedhas
Gozag
Hepliaklqana
Kikubaaqudgha
Makhleb
Nemelex Xobeh
Okawaru
Qazlal
Ru
Sif Muna
Trog
Uskayaw
Vehumet
Wu Jian
Xom
Yredelemnul
Zin
The Shining One
Jiyva

Shops:
Orc:1 *[=   Orc:2 [[([(   Snake:2 =:   Snake:3 [[

Annotations:
Snake:2 1 runed translucent door, patfeehan111222's ghost, adept MiBe
Snake:3 2 runed translucent doors, jasper's ghost, adept DsCA


Innate Abilities, Weirdness & Mutations

Your life essence is reduced to manifest your ancestor. (-10% HP)
You are small and have problems with some larger weapons.
You are completely attuned to the shadows.
You are frail. (-10% HP)
You are vulnerable to cold. (rC-)


Message History

The war gargoyle launches metal splinters at you.
The spray of metal splinters misses you.
The deep troll bites the peacekeeper but does no damage.
The deep troll claws the peacekeeper.
The deep troll claws the peacekeeper but does no damage.
The deep troll bites itself!
The deep troll closely misses itself.
The deep troll claws itself.
You puncture the peacekeeper!
The peacekeeper is severely damaged.
Necuametl gestures wildly while chanting.
The deep troll easily resists.
The yaktaur resists with some effort. x2
The war gargoyle easily resists.
The peacekeeper closely misses you. The peacekeeper misses you.
You hit the peacekeeper.
The peacekeeper is severely damaged.
The war gargoyle closely misses you. You block the peacekeeper's attack.
The peacekeeper completely misses you.
You hit the peacekeeper but do no damage.
The peacekeeper is severely damaged.
The war gargoyle misses you. You block the peacekeeper's attack.
The peacekeeper misses you.
You hit the peacekeeper but do no damage.
The peacekeeper is severely damaged.
The yaktaur is no longer moving slowly.
The war gargoyle hits you with a +0 great mace of protection!!
* * * LOW HITPOINT WARNING * * *
The peacekeeper barely misses you. The peacekeeper completely misses you.
Unknown command.
You hit the peacekeeper but do no damage.
The peacekeeper is severely damaged.
The war gargoyle barely misses you.
Necuametl casts a spell at the war gargoyle.
The war gargoyle resists with almost no effort.
The peacekeeper misses you. You block the peacekeeper's attack.
Unknown command.
You hit the peacekeeper but do no damage.
The peacekeeper is severely damaged.
The war gargoyle launches metal splinters at you.
The spray of metal splinters hits you!!
You die...

#.# #.## #.. #)# #
#.# #R#.# #.#
#@#.# ### #.####
#99.# #.# #.#...
#T#####.#####.'...
#cc...........####
####'#''###'###
....'.^....# ###
....#......# ...
##..#......# ...
#..#..).).# ###


You could see the friendly Necuametl the hexer (fast), a deep troll (confused,
slow), a war gargoyle (catching breath, ally target), a peacekeeper and 2
yaktaurs.

Vanquished Creatures
  Bai Suzhen (Shoals:3)
  2 quicksilver dragons (Snake:4)
  A tentacled starspawn (Abyss:2)
  3 sphinxes (Shoals:4)
  Agnes (Snake:3)
  2 nagarajas (Snake:3)
  2 fire giants
  2 vault wardens
  2 orc warlords
  The ghost of Duck the Impaler, a journeyman TrBe of Trog (D:14)
  An ironbound preserver (Vaults:1)
  4 ironbound thunderhulks
  3 dire elephants (Vaults:1)
  A minotaur (Shoals:4)
  2 merfolk javelineers
  4 yaktaur captains
  The ghost of Airmonger the Severer, a journeyman HOFi of Okawaru (D:10)
  3 merfolk impalers
  A hydra (D:14)
  A great orb of eyes (Vaults:2)
  3 vault guards (Vaults:1)
  An alligator snapping turtle (Shoals:4)
  2 salamander tyrants (Snake:1)
  The ghost of sirJeffrey23 the Executioner, a journeyman HOFi of Beogh (D:9)
  4 catoblepae
  5 anacondas
  A merfolk avatar (Shoals:4)
  2 merfolk aquamancers
  7 centaur warriors
  2 ironbound frosthearts
  An ogre mage (D:15)
  3 boulder beetles
  8 satyrs
  A tengu warrior (D:15)
  10 two-headed ogres
  10 naga warriors
  An orc high priest (Orc:2)
  10 shock serpents
  14 death yaks
  A thrashing horror (Abyss:2)
  11 naga sharpshooters
  7 skysharks
  A shadow wraith (Abyss:2)
  An iron troll (D:14)
  5 deep trolls
  A flayed ghost (Abyss:2)
  4 large abominations (Abyss:2)
  10 sea snakes
  A glowing orange brain (Abyss:2)
  5 salamander mystics (Snake:1)
  6 skeletal warriors (D:14)
  2 naga ritualists (Snake:4)
  4 bog bodies (Shoals:2)
  3 wizards
  5 ironbound convokers (Vaults:1)
  5 lindwurms
  A harpy (shapeshifter) (D:13)
  Pikel (D:7)
  3 orc knights
  9 harpies
  2 deep elf pyromancers
  19 ugly things
  11 manticores
  19 fauns
  2 orc sorcerers (Orc:2)
  10 salamanders
  4 cyclopes
  2 oklob plants (Lair:4)
  7 mana vipers
  8 elephants
  3 guardian serpents (Snake:4)
  22 black mambas
  5 naga magi
  A smoke demon (Abyss:2)
  2 gargoyles
  A torpor snail (Lair:3)
  6 vault sentinels
  9 merfolk sirens
  2 water nymphs
  10 cane toads
  4 kobold demonologists
  2 rime drakes
  2 tengu conjurers
  7 komodo dragons
  A komodo dragon (shapeshifter) (D:13)
  12 yaktaurs
  2 freezing wraiths
  21 merfolk
  7 trolls
  4 polar bears
  6 dream sheep
  5 wind drakes
  A blink frog (shapeshifter) (D:14)
  17 blink frogs
  Grinder (D:4)
  4 snapping turtles
  Sigmund (D:6)
  18 slime creatures
  A ynoxinul (Abyss:2)
  2 vampires
  A culicivora (shapeshifter) (D:14)
  32 yaks
  4 water elementals (Shoals:1)
  A shadow (D:11)
  4 basilisks
  7 wyverns
  Grum (D:11)
  2 wraiths
  2 steam dragons
  7 vampire mosquitoes
  A swamp worm (shapeshifter) (D:14)
  Edmund (D:4)
  A neqoxec (Abyss:2)
  6 wargs
  An acid dragon (D:13)
  30 nagas
  6 water moccasins
  A water moccasin (shapeshifter) (D:13)
  3 hell hounds (Abyss:2)
  2 ice beasts
  2 black bears
  30 orc warriors
  2 sky beasts
  15 wolves
  A boggart (shapeshifter) (D:13)
  13 ogres
  4 centaurs
  A phantom (D:6)
  A lemure (D:7)
  8 kobold brigands
  Blork the orc (D:4)
  5 small abominations (Abyss:2)
  11 bullfrogs
  2 gnoll sergeants
  A scorpion (D:5)
  3 wights (D:6)
  5 killer bees
  11 howler monkeys
  8 electric eels
  5 quasits (D:7)
  13 orc priests
  Crazy Yiuf (D:4)
  7 hounds
  3 jellies
  A gnoll bouda (D:5)
  Ijyb (D:4)
  3 iguanas
  17 orc wizards
  Natasha (thrice) (D:3)
  2 centaur simulacra
  A mummy (D:10)
  10 gnolls
  7 adders
  2 shadow imps
  3 white imps
  An ufetubus (D:6)
  2 worms
  67 orcs
  3 ball pythons
  5 bats
  8 endoplasms
  A giant cockroach (D:1)
  8 hobgoblins
  3 quokkas
  5 frilled lizards
  13 goblins
  15 kobolds
  3 rats
  A spectral hobgoblin (D:5)
  A spectral orc (D:3)
  A lurking horror (Abyss:2)
926 creatures vanquished.

Vanquished Creatures (collateral kills)
  A shard shrike zombie (Abyss:2)
  Polyphemus (Shoals:3)
  A nagaraja (Snake:4)
  A dire elephant (Vaults:1)
  A catoblepas (Lair:5)
  An anaconda (Snake:4)
  An ogre mage (D:15)
  A merfolk avatar (Shoals:4)
  2 merfolk aquamancers
  A two-headed ogre (D:15)
  A centaur warrior (Vaults:1)
  4 satyrs (Shoals:4)
  4 death yaks (Lair:3)
  3 naga warriors (Snake:4)
  An orc high priest (Orc:2)
  A thrashing horror (Abyss:2)
  A sixfirhy (Abyss:2)
  3 skeletal warriors
  A salamander mystic (Snake:1)
  A deep troll (Vaults:2)
  3 bog bodies (Shoals:2)
  A lindwurm (Vaults:1)
  2 harpies (Shoals:4)
  A naga ritualist (Snake:4)
  An ironbound convoker (Vaults:2)
  2 mana vipers
  An orc knight (Orc:2)
  5 fauns
  2 manticores (Shoals:4)
  A cyclops (Shoals:3)
  2 salamanders
  A merfolk siren (Shoals:2)
  A guardian serpent (Snake:4)
  The ghost of jasper the Magician, a novice DEEE of Sif Muna (D:7)
  4 elephants
  5 black mambas
  4 water nymphs
  3 naga magi
  An unseen horror (D:7)
  A cane toad (Lair:5)
  3 yaktaurs (Vaults:2)
  A large abomination (Abyss:2)
  2 merfolk
  2 blink frogs (Lair:1)
  A snapping turtle (Shoals:3)
  4 dream sheep
  6 slime creatures
  3 water elementals
  A wyvern (D:8)
  A wraith (D:10)
  7 yaks
  2 basilisks
  12 nagas
  2 wargs
  An acid dragon (D:10)
  2 hell hounds (Abyss:2)
  2 water moccasins
  5 orc warriors (Orc:2)
  3 ogres
  2 wolves
  A centaur (D:7)
  A lemure (D:7)
  2 bullfrogs
  3 killer bees
  An electric eel (D:7)
  A quasit (D:7)
  7 orc priests
  8 orc wizards
  A gnoll (D:9)
  3 shadow imps (D:5)
  A white imp (D:8)
  An ufetubus (Abyss:2)
  25 orcs
  2 kobolds (Bailey)
192 creatures vanquished.

Vanquished Creatures (others)
  An ice beast (D:7)
  A scorpion (D:5)
  32 hexers
  An orc wizard (Orc:2)
  An orc (D:11)
  A quokka (D:3)
  13 fungi
  95 plants
  4 starspawn tentacles (Abyss:2)
149 creatures vanquished.

Grand Total: 1267 creatures vanquished

Notes
Turn   | Place    | Note
-------+----------+-------------------------------------------
     0 | D:1      | cforsyth the Kobold Brigand began the quest for the Orb.
     0 | D:1      | Reached XP level 1. HP: 12/12 MP: 1/1
    71 | D:1      | Found a faded altar of an unknown god.
   394 | D:1      | Reached XP level 2. HP: 18/18 MP: 2/2
  1562 | D:2      | Reached XP level 3. HP: 12/22 MP: 3/3
  2429 | D:3      | Noticed Natasha
  2444 | D:3      | Killed Natasha
  2445 | D:3      | Reached skill level 6 in Stealth
  2445 | D:3      | Reached XP level 4. HP: 5/28 MP: 4/4
  2782 | D:3      | Found a basalt altar of Yredelemnul.
  2921 | D:3      | Reached XP level 5. HP: 31/32 MP: 5/5
  3055 | D:3      | Noticed a bullfrog
  3061 | D:3      | Killed a bullfrog
  3063 | D:3      | Reached XP level 6. HP: 38/38 MP: 6/6
  3127 | D:3      | Found a white marble altar of Elyvilon.
  3203 | D:3      | Found a glowing golden altar of the Shining One.
  3348 | D:3      | Found a basalt altar of Yredelemnul.
  3420 | D:3      | Noticed Natasha
  3422 | D:3      | Killed Natasha
  3689 | D:3      | Found a white marble altar of Elyvilon.
  3762 | D:3      | Found a glowing golden altar of the Shining One.
  4099 | D:4      | Noticed Grinder
  4199 | D:3      | Noticed Natasha
  4438 | D:3      | Found a glowing golden altar of the Shining One.
  4530 | D:3      | Found a white marble altar of Elyvilon.
  4547 | D:3      | Killed Natasha
  4695 | D:3      | Found a basalt altar of Yredelemnul.
  4936 | D:4      | Noticed Blork the orc
  4958 | D:4      | Killed Blork the orc
  4959 | D:4      | Reached skill level 5 in Short Blades
  4959 | D:4      | Reached skill level 7 in Stealth
  5260 | D:4      | Noticed a black bear
  5296 | D:4      | Killed a black bear
  5297 | D:4      | Reached XP level 7. HP: 15/44 MP: 7/7
  5555 | D:4      | Found a stormy altar of Qazlal.
  5642 | D:4      | Paralysed by Grinder for 5 turns
  5669 | D:4      | Killed Grinder
  5811 | D:4      | Noticed Ijyb
  5815 | D:4      | Killed Ijyb
  6016 | D:4      | Reached XP level 8. HP: 45/48 MP: 8/8
  6151 | D:4      | Noticed Edmund
  6191 | D:4      | HP: 3/72 [Edmund/+2 heavy flail (11)]
  6217 | D:4      | Killed Edmund
  6218 | D:4      | Reached skill level 5 in Fighting
  6218 | D:4      | Reached skill level 5 in Dodging
  6218 | D:4      | Reached skill level 8 in Stealth
  6439 | D:4      | Found a runed translucent door.
  6442 | D:4      | Noticed Crazy Yiuf
  6596 | D:5      | Entered Level 5 of the Dungeon
  7036 | D:5      | Found a staircase to the Ecumenical Temple.
  7171 | D:5      | Found a transporter.
  7253 | D:5      | Found a hazy altar of Hepliaklqana.
  7261 | D:5      | Became a worshipper of Hepliaklqana the Forgotten
  8051 | D:5      | Found a transporter.
  8090 | D:5      | Found an iron altar of Okawaru.
  8166 | D:5      | Reached skill level 9 in Stealth
  8405 | D:6      | Reached XP level 9. HP: 47/55 MP: 9/9
  8482 | D:6      | Noticed Sigmund
  8826 | D:6      | Killed Sigmund
  9349 | D:6      | Found a shadowy altar of Dithmenos.
  9885 | D:6      | Reached skill level 10 in Stealth
 10064 | D:6      | Found an iron altar of Okawaru.
 10064 | D:6      | Found a burning altar of Makhleb.
 10064 | D:6      | Found a shadowy altar of Dithmenos.
 10068 | D:6      | Found an ancient bone altar of Kikubaaqudgha.
 10068 | D:6      | Found a shimmering altar of Xom.
 10068 | D:6      | Found a glowing golden altar of the Shining One.
 10413 | D:7      | Noticed Pikel
 10466 | D:7      | Found a transporter.
 10481 | D:7      | Found a transporter.
 10482 | D:7      | Noticed jasper's ghost (novice DEEE)
 10551 | D:7      | Reached * piety under Hepliaklqana
 11406 | D:7      | Reached XP level 10. HP: 35/56 MP: 10/10
 11430 | D:7      | Killed an unseen horror
 11514 | D:7      | Reached skill level 11 in Stealth
 11932 | D:7      | Killed Pikel
 12045 | D:8      | Reached skill level 10 in Short Blades
 12471 | D:8      | Noticed a two-headed ogre
 12475 | D:8      | Killed a two-headed ogre
 12476 | D:8      | Reached skill level 12 in Stealth
 12811 | D:9      | Found a shimmering blue altar of Sif Muna.
 13037 | D:9      | Got Sif Muna's Disquisition on Incineration
 13209 | D:9      | Reached ** piety under Hepliaklqana
 13210 | D:9      | Remembered your ancestor Necuametl as a hexer
 13300 | D:9      | Noticed a two-headed ogre
 13328 | D:9      | Killed a two-headed ogre
 13329 | D:9      | Reached XP level 11. HP: 33/63 MP: 11/11
 13618 | D:9      | Found a runed translucent gate.
 13618 | D:9      | Found a runed translucent gate.
 13618 | D:9      | Found a runed translucent gate.
 13965 | D:9      | Noticed a two-headed ogre
 13974 | D:9      | Killed a two-headed ogre
 14150 | D:9      | Noticed sirJeffrey23's ghost (journeyman HOFi)
 14198 | D:10     | Entered Level 10 of the Dungeon
 14232 | D:10     | Reached skill level 10 in Dodging
 14274 | D:10     | Noticed a cyclops
 14278 | D:10     | Killed a cyclops
 14279 | D:10     | Reached skill level 13 in Stealth
 14337 | D:10     | Found a flagged portal.
 14378 | Bailey   | Entered a bailey
 14661 | Bailey   | Found the +4 skin of Zhor {*Englaciate rC+++ SInv}
 14663 | Bailey   | Found an iron altar of Okawaru.
 14888 | D:10     | Noticed a centaur warrior
 14888 | D:10     | Noticed Airmonger's ghost (journeyman HOFi)
 14928 | D:10     | Found a runed translucent gate.
 14935 | D:10     | Found a runed translucent gate.
 14936 | D:10     | Found a runed translucent gate.
 15093 | D:10     | Found a snail-covered altar of Cheibriados.
 15180 | D:10     | Found a broken altar of Ashenzari.
 15213 | D:10     | Found an ornate altar of the Wu Jian Council.
 15367 | D:10     | Reached *** piety under Hepliaklqana
 15576 | D:11     | Noticed a manticore
 15578 | D:11     | Killed a manticore
 15704 | D:11     | Reached skill level 10 in Fighting
 16001 | D:11     | Noticed Grum
 16099 | D:11     | Noticed a deep elf pyromancer
 16449 | D:11     | Killed Grum
 16479 | D:11     | Killed a deep elf pyromancer
 16480 | D:11     | Reached XP level 12. HP: 69/69 MP: 12/12
 16501 | D:11     | Found a staircase to the Orcish Mines.
 16617 | D:11     | Reached skill level 14 in Stealth
 16836 | D:11     | Found a staircase to the Lair.
 17256 | D:12     | Found a flickering gateway to a bazaar.
 17264 | Bazaar   | Entered a bazaar
 17273 | Bazaar   | Found Jiluor's Jewellery Boutique.
 17294 | Bazaar   | Found Liudume's General Store.
 17315 | Bazaar   | Found Xuam's General Store.
 17335 | Bazaar   | Found Pihadgh's Antique Armour Shoppe.
 17410 | Bazaar   | Bought a scroll of blinking for 105 gold pieces
 17410 | Bazaar   | Bought a scroll of teleportation for 42 gold pieces
 17410 | Bazaar   | Bought 3 scrolls of teleportation for 126 gold pieces
 17426 | Bazaar   | Bought a potion of curing for 30 gold pieces
 17717 | D:12     | Noticed a merfolk aquamancer
 17728 | D:12     | Noticed a merfolk aquamancer
 18150 | D:12     | Reached **** piety under Hepliaklqana
 18672 | D:12     | Killed a merfolk aquamancer
 18737 | D:12     | Killed a merfolk aquamancer
 18738 | D:12     | Reached skill level 15 in Stealth
 19211 | D:13     | Noticed a centaur warrior
 19214 | D:13     | Killed a centaur warrior
 19215 | D:13     | Reached skill level 1 in Shields
 19400 | Lair:1   | Entered Level 1 of the Lair of Beasts
 19556 | Lair:1   | Reached XP level 13. HP: 75/75 MP: 13/13
 20720 | Lair:2   | Reached ***** piety under Hepliaklqana
 20904 | Lair:2   | Found a staircase to the Snake Pit.
 20956 | Lair:2   | Reached skill level 16 in Stealth
 22687 | Lair:3   | Found a shimmering blue altar of Sif Muna.
 22839 | Lair:3   | Found a staircase to the Shoals.
 23220 | Lair:3   | Reached XP level 14. HP: 49/82 MP: 14/14
 24019 | Lair:3   | Reached skill level 15 in Short Blades
 24918 | Lair:3   | Reached skill level 17 in Stealth
 25104 | Lair:4   | Found a stormy altar of Qazlal.
 25234 | Lair:4   | Reached skill level 5 in Shields
 25506 | Lair:4   | Found a staircase to the Slime Pits.
 25556 | Lair:4   | Found a blossoming altar of Fedhas.
 25952 | Lair:5   | Entered Level 5 of the Lair of Beasts
 26801 | Lair:5   | Reached XP level 15. HP: 89/89 MP: 15/15
 28096 | Lair:5   | Reached skill level 18 in Stealth
 28511 | Orc:1    | Entered Level 1 of the Orcish Mines
 28533 | Orc:1    | Found Xin Hutyor's General Store.
 28669 | Orc:1    | Found Wazu's Jewellery Shoppe.
 28797 | Orc:1    | Found Qitont's Armour Boutique.
 28861 | Orc:1    | You fall into a shaft and drop 1 floor!
 28861 | Orc:2    | Entered Level 2 of the Orcish Mines
 28868 | Orc:2    | Reached skill level 15 in Dodging
 28943 | Orc:2    | Found Syzxaota's Weapon Shoppe.
 29543 | Orc:2    | Noticed an orc warlord
 29976 | Orc:1    | Killed an orc warlord
 30283 | Orc:2    | Found Vesmyj's Antique Armour Emporium.
 30294 | Orc:2    | Found Aryeram's Antique Weapon Shoppe.
 30347 | Orc:2    | Found a staircase to the Elven Halls.
 30527 | Orc:2    | Noticed an orc warlord
 30627 | Orc:2    | Killed an orc warlord
 31541 | Orc:2    | Found Irchetiruy's Antique Armour Boutique.
 31713 | Orc:2    | Found Vezyrof's Antique Armour Shop.
 31758 | Orc:2    | Bought a pair of glowing gloves for 180 gold pieces
 31884 | D:13     | Reached ****** piety under Hepliaklqana
 32688 | D:14     | Reached XP level 16. HP: 74/96 MP: 16/16
 33531 | D:14     | Found a runed translucent door.
 33532 | D:14     | Noticed Duck's ghost (journeyman TrBe)
 33856 | D:14     | Reached skill level 19 in Stealth
 34154 | D:14     | Found a gate to the Vaults.
 34302 | D:15     | Entered Level 15 of the Dungeon
 34418 | D:15     | Found a radiant altar of Vehumet.
 35006 | D:15     | Reached skill level 15 in Fighting
 35117 | Abyss:2  | Cast into level 2 of the Abyss (a wizard)
 35261 | Abyss:2  | Gained mutation: You are vulnerable to cold. (rC-) [a
                  | neqoxec]
 35265 | Abyss:2  | Gained mutation: You are frail. (-10% HP) [a neqoxec]
 35795 | Abyss:2  | Found a corrupted altar of Lugonu.
 35912 | Abyss:2  | Found a corrupted altar of Lugonu.
 36023 | Abyss:2  | Found a corrupted altar of Lugonu.
 36036 | Abyss:2  | Noticed a tentacled starspawn
 36081 | Abyss:2  | Killed a tentacled starspawn
 36096 | Abyss:2  | Noticed a tentacled starspawn
 36120 | Abyss:2  | Found a corrupted altar of Lugonu.
 36122 | D:15     | Escaped the Abyss
 36657 | D:15     | Reached XP level 17. HP: 66/90 MP: 17/17
 36895 | D:15     | Found a staircase to the Depths.
 37517 | D:4      | Killed Crazy Yiuf
 37635 | Temple   | Entered the Ecumenical Temple
 37978 | D:7      | Killed jasper's ghost
 38001 | D:7      | Identified the ring "Nuegyniu" {rElec rC- Int+3 Dex+6}
 38083 | D:9      | Found a viscous altar of Jiyva.
 38084 | D:9      | Killed sirJeffrey23's ghost
 38244 | D:10     | Killed Airmonger's ghost
 38777 | D:14     | Killed Duck's ghost
 38778 | D:14     | Reached skill level 20 in Stealth
 39007 | Orc:1    | Bought the ring "Wopnaek" {Fire rElec rPois Int-4 Stlth+}
                  | for 564 gold pieces
 39133 | Snake:1  | Entered Level 1 of the Snake Pit
 39960 | Snake:1  | HP: 2/90 [salamander mystic/+0 dagger (8)]
 40258 | Snake:1  | Found a hide-covered altar of Uskayaw.
 41411 | Snake:1  | Found the +2 hat of the Bear Spirit {Spirit, Bear, *Rage
                  | Will++}
 41520 | Snake:2  | Found a runed translucent door.
 41520 | Snake:2  | Found a shimmering altar of Xom.
 41520 | Snake:2  | Noticed patfeehan111222's ghost (adept MiBe)
 41907 | Snake:2  | Found Caohitom's Jewellery Emporium.
 41907 | Snake:2  | Found Ytosov's Jewellery Emporium.
 41908 | Snake:2  | Found Ziadur's Book Shop.
 42511 | Snake:3  | Noticed Agnes
 42520 | Snake:3  | Killed Agnes
 42728 | Snake:3  | Found Ziabimim's Antique Armour Emporium.
 42735 | Snake:3  | Found Himoysa's Armour Shoppe.
 42745 | Snake:3  | Bought a +0 pair of gloves of dexterity for 161 gold pieces
 42745 | Snake:3  | Bought a +2 helmet for 231 gold pieces
 42979 | Snake:3  | Found a large runed translucent door.
 42979 | Snake:3  | Found a large runed translucent door.
 43319 | Snake:3  | Found a flickering gateway to a bazaar.
 43765 | Snake:3  | Noticed jasper's ghost (adept DsCA)
 43799 | Snake:4  | Entered Level 4 of the Snake Pit
 44045 | Snake:4  | Identified the +7 long sword of Gunlef {heavy, Dex+7
                  | Stlth+}
 44064 | Snake:4  | Reached XP level 18. HP: 91/96 MP: 18/18
 44964 | Snake:4  | Reached skill level 21 in Stealth
 46971 | Snake:4  | Noticed a quicksilver dragon
 46971 | Snake:4  | Noticed a quicksilver dragon
 46975 | Snake:4  | Killed a quicksilver dragon
 46990 | Snake:4  | Killed a quicksilver dragon
 47283 | Snake:4  | Got a serpentine rune of Zot
 47496 | Shoals:1 | Entered Level 1 of the Shoals
 47544 | Shoals:1 | Reached skill level 10 in Shields
 49052 | Shoals:2 | Reached XP level 19. HP: 101/101 MP: 19/19
 49692 | Shoals:3 | Noticed Polyphemus
 49707 | Shoals:3 | HP: 3/102 [death yak[Polyphemus] (9)]
 49708 | Shoals:3 | Killed Polyphemus
 49709 | Shoals:3 | Reached skill level 22 in Stealth
 50592 | Shoals:4 | Entered Level 4 of the Shoals
 50864 | Shoals:4 | Noticed Bai Suzhen
 51378 | Shoals:3 | Killed Bai Suzhen
 52873 | Shoals:4 | Paralysed by a sphinx for 4 turns
 53194 | Shoals:4 | Got a barnacled rune of Zot
 53565 | Shoals:4 | Identified the +10 rapier of the Lurker {drain, *Slow rPois
                  | rC++ rN+}
 53988 | Vaults:1 | Entered Level 1 of the Vaults
 54022 | Vaults:1 | Reached XP level 20. HP: 90/108 MP: 20/20
 55838 | Vaults:1 | Reached skill level 23 in Stealth
 56891 | Vaults:2 | Killed from afar by a war gargoyle

Illustrated notes

Levels and vault maps discovered:
D:1:      dpeg_arrival_chambers_temple_mockup, layout_loops_corners,
          dreamdust_ecumenical_altar_angels_and_demons, nrook_mini_backslash,
          wander_ebering_terrifying_dragon_lair
D:2:      layout_loops_corners, lightli_corner_chamber
D:3:      layout_loops_ring, elyvilon_altar_4,
          yredelemnul_forgotten_temple_becter, tso_metal_star,
          minmay_divided_ellipse, uniq_natasha
D:4:      layout_basic, grunt_qazlal_clouds, uniq_blork_the_orc, uniq_ijyb,
          uniq_crazy_yiuf_cottage, uniq_grinder, uniq_edmund
D:5:      gammafunk_wand_slinger, layout_layer_cave,
          nicolae_hepliaklqana_monster_ancestors, kennysheep_okawaru_gauntlet,
          minmay_temple_entry_wispy
D:6:      layout_loops_cross, doesnt_xom_only_xom, mainiacjoe_overflow_catwalk,
          uniq_sigmund
D:7:      nzn_winding_woodlands_small [nzn_winding_woodlands_5x15_concentric,
          nzn_winding_woodlands_center_lodge,
          nzn_winding_woodlands_5x15_split_checker], layout_basic,
          gammafunk_ghost_stat_death, serial_bayou_lake_a, uniq_pikel
D:8:      layout_basic, serial_ice, serial_ice_a, serial_ice_n, serial_ice_e,
          serial_ice_o
D:9:      layout_loops_corners, led_sif_book, gammafunk_ghost_ooze
D:10:     layout_small_grid, slow_altar_2, overflow_temple_1_default,
          nicolae_wu_jian_immortal_techniques, enter_bailey_3,
          gammafunk_ghost_split, uniq_maurice
D:11:     layout_cave_pods, erik_lair_orcish_takeover, erik_orc_2,
          chequers_serial_rivers_small_3, uniq_grum
D:12:     layout_roguey, serial_shops, bzr_entry_lakeside, nicolae_splish_splash
D:13:     layout_roguey
D:14:     layout_loops_ring, david_vaults_4, ebering_ghost_inner_flame
D:15:     grunt_enter_depths_giant_problem, layout_grid_maze,
          nicolae_vehumet_altar_sigil, st_stairs_13
Temple:   chequers_temple_sunken
Lair:1:   layout_hall_layers
Lair:2:   wad_woods_structure_01, layout_regular_city,
          minmay_snake_entry_guardpost_medium, st_stairs_9, serial_bayou_shore_a
Lair:3:   layout_chaotic_city, minmay_shoals_entry_lonely_mermaid, basic_altar,
          grunt_megastairs_4, wad_woods_river_01, infiniplex_staircase_pool_2
Lair:4:   layout_cave_shapes, slime_entry_1, basic_altar, st_stairs_7,
          hangedman_tree_tricks
Lair:5:   evilmike_catoblepas_cave, layout_hall_layers
Shoals:1: layout_shoals
Shoals:2: layout_shoals, nicolae_shoals_secluded_bog
Shoals:3: layout_shoals, uniq_polyphemus
Shoals:4: shoals_end_hellmonk_lost_city, uniq_bai_suzhen
Snake:1:  cheibrodos_snake_lava_hold, layout_chambers, basic_altar,
          nicolae_snake_gridmaze_zigzag
Snake:2:  layout_misc_corridors, ebering_ghost_xom, minmay_shop_grove,
          lemuel_fruit_tree
Snake:3:  layout_concentric_octagons, serial_shops, bzr_entry_water,
          ebering_ghost_disaster_area, st_stairs_2, minmay_shoptagon, uniq_agnes
Snake:4:  hellmonk_snake_rune_quicksilver_temple, layout_concentric_octagons,
          grunt_megastairs_3, serial_bayou_shore_b
Orc:1:    layout_caves, serial_shops, nicolae_shop_waterfront, shop, shop
Orc:2:    grunt_orc_community_town_hall, layout_caves,
          grunt_orc_community_big_house_1, grunt_orc_community_big_house_1,
          grunt_orc_community_house_1, grunt_orc_community_house_3,
          grunt_orc_community_house_3, grunt_orc_community_house_2,
          serial_shops, nicolae_shop_advertising_works
          [nicolae_subvault_shop_adworks], nicolae_orc_damp_corner
Vaults:1: vaults_mumra_chevron_long, vaults_mumra_lcd, grunt_vaults_twisty,
          vaults_room_semicircle, v_pattern_2, v_rooms_2,
          nicolae_vaults_network_periphery, nicolae_vaults_alarming,
          vaults_dpeg_encased_lava, hangedman_vaults_pinch,
          layout_vaults_omnicross
Vaults:2: v_rooms_6, v_rooms_4, vaults_room_door_hall,
          nicolae_vaults_network_quinsquares
          [nicolae_vaults_network_quincunx_subvault,
          nicolae_vaults_network_quincunx_subvault,
          nicolae_vaults_network_quincunx_subvault,
          nicolae_vaults_network_quincunx_subvault], v_misc_29,
          grunt_vaults_funnel, nicolae_vaults_hallways_thing,
          nicolae_vaults_ring_of_whatevers, ontoclasm_vaults_tryst,
          ontoclasm_vaults_misaligned, layout_vaults_maze_snakey

Skill      XL: |  1  2  3  4  5  6  7  8  9 10 11 12 13 14 15 16 17 18 19 20 |
---------------+-------------------------------------------------------------+-----
Short Blades   | 3 4 5 6 7 8 10 12 13 14 15 17 18 19 20 21 | 21.2
Dodging        | 2 3 4 6 7 9 11 12 13 14 15 16 17 18 19 | 19.5
Fighting       | 3 4 6 7 9 10 11 12 13 14 15 16 17 18 | 18.1
Stealth        | 6 7 9 10 12 13 15 16 17 18 19 20 21 22 23 | 23.2
Shields        | 1 4 5 7 8 9 10 11 | 11.6
Throwing       | |  2.1

Action                     |  1- 3 |  4- 6 |  7- 9 | 10-12 | 13-15 | 16-18 | 19-21 || total
---------------------------+-------+-------+-------+-------+-------+-------+-------++-------
  Melee: Dagger            |    73 |   174 |   462 |   768 |  1334 |  1375 |       ||  4186
         Punch             |       |     2 |     7 |     9 |    30 |     8 |       ||    56
         Rapier            |       |       |       |       |       |    64 |   546 ||   610
 Invoke: Recall Ancestor   |       |       |       |     2 |     4 |     2 |       ||     8
         Ancestor Life: He |       |       |       |     1 |       |       |       ||     1
  Evoke: Wand              |       |       |     1 |       |       |       |       ||     1
    Use: Potion            |     1 |     1 |     4 |     5 |       |     8 |     4 ||    23
         Scroll            |       |       |    17 |    10 |     2 |    19 |     3 ||    51
   Stab: Sleeping          |    17 |     9 |    21 |    29 |    43 |    58 |    13 ||   190
         Distracted        |     1 |     1 |     1 |    11 |    42 |    46 |    22 ||   124
         Confused          |       |       |       |    15 |    20 |    28 |    32 ||    95
         Paralysed         |       |       |       |       |    32 |    59 |    41 ||   132
 Armour: Robe              |    11 |    58 |    75 |    48 |       |       |       ||   192
         Skin              |       |       |    11 |       |       |       |       ||    11
         Animal skin       |       |       |       |    44 |   130 |   112 |    46 ||   332
  Dodge: Dodged            |    22 |   134 |   285 |   429 |   808 |   833 |   321 ||  2832
  Block: Kite shield       |       |       |       |       |       |   421 |   236 ||   657

Table legend: (Time is in decaauts)
 A = Elapsed time spent in this place.
 B = Non-inter-level travel time spent in this place.
 C = Inter-level travel time spent in this place.
 D = Time resting spent in this place.
 E = Time spent auto-exploring this place.
 F = Levels seen in this place.
 G = Mean time per level.
                   A        B        C        D        E       F      G
               +--------+--------+--------+--------+--------+-----+--------+
         Total |  55589 |  52533 |   3056 |  14556 |  29389 |  36 | 1544.1 |
       Dungeon |  24679 |  22785 |   1894 |   5020 |  14410 |  15 | 1645.3 |
        Temple |    241 |    228 |     13 |      0 |    218 |   1 |  241.0 |
          Lair |   8942 |   8489 |    453 |   2515 |   4742 |   5 | 1788.4 |
        Shoals |   6578 |   6350 |    228 |   2479 |   2746 |   4 | 1644.5 |
     Snake Pit |   7942 |   7725 |    217 |   2509 |   3945 |   4 | 1985.5 |
  Orcish Mines |   3193 |   3076 |    117 |   1164 |   1409 |   2 | 1596.5 |
        Vaults |   2583 |   2450 |    133 |    720 |   1287 |   2 | 1291.5 |
         Abyss |    918 |    918 |      0 |     87 |    445 |   1 |  918.0 |
        Bazaar |    189 |    189 |      0 |      0 |    101 |   1 |  189.0 |
        Bailey |    321 |    321 |      0 |     61 |     85 |   1 |  321.0 |
               +--------+--------+--------+--------+--------+-----+--------+

Top non-repeatable levels by time:
 Snake:3: 2787 daAuts
  Lair:3: 2751 daAuts
     D:3: 2583 daAuts
     D:4: 2456 daAuts
 Snake:4: 2418 daAuts
Shoals:4: 2166 daAuts
 Snake:1: 2166 daAuts
Vaults:1: 2020 daAuts
Shoals:3: 1984 daAuts
    D:11: 1963 daAuts
    D:14: 1910 daAuts
     D:5: 1906 daAuts
    D:12: 1846 daAuts
    D:15: 1786 daAuts
   Orc:2: 1702 daAuts
